 Dungeon Crawl Stone Soup version 0.31-a0-152-g6aa68a64a1 (webtiles) character file.

Game seed: 16967564058265192983

344 qw the Shooter (level 6, -5/57 HPs)
             Began as a Naga Hunter on June 9, 2023.
             Killed from afar by an electric eel (13 damage)
             ... with a bolt of electricity
             ... on level 7 of the Dungeon.
             The game lasted 00:01:00 (2820 turns).

qw the Shooter (Naga Hunter)                        Turns: 2820, Time: 00:01:01

Health: -5/57      AC:  8    Str: 14    XL:     6   Next: 58%
Magic:  6/6        EV: 10    Int:  9    God:
Gold:   188        SH:  5    Dex: 16    Spells: 5/5 levels left

rFire   + . .        Y - +2 shortbow
rCold   . . .        (shield currently unavailable)
rNeg    . . .        a - +1 robe {rF+}
rPois   +            h - +0 helmet
rElec   .            c - +2 cloak {rPois}
rCorr   .            (no gloves)
SInv    +            (no barding)
Will    .....        f - amulet of reflection
Stlth   ++           (no ring)
HPRegen 0.29/turn    (no ring)
MPRegen 0.10/turn

%: reflection
@: about to teleport, short of breath, very slow
A: AC +2, large, see invisible, deformed body, poison resistance, slowness 2,
spit poison 1, naga tail 1
a: Spit Poison


You were on level 7 of the Dungeon.
You visited 1 branch of the dungeon, and saw 6 of its levels.

You collected 188 gold pieces.


Innate Abilities, Weirdness & Mutations

Your serpentine skin is tough. (AC +2)
You have supernaturally acute eyesight. (SInv)
Armour fits poorly on your strangely shaped body.
Your system is resistant to poisons. (rPois)
You cover ground very slowly.
You can spit poison.
You have a snake-like lower body.


   Skills:
 - Level 4.0 Fighting
 + Level 6.0 Ranged Weapons
 - Level 2.0 Dodging
 - Level 1.5 Stealth


You had 5 spell levels left.
You didn't know any spells.
Your spell library was empty.

Inventory:

Hand Weapons
 Y - a +2 shortbow (weapon)
Armour
 a - a +1 robe of fire resistance (worn)
 c - a +2 cloak of poison resistance (worn)
 h - a +0 helmet (worn)
Jewellery
 f - an amulet of reflection (around neck)
Scrolls
 e - a scroll of teleportation
 g - a scroll of identify
Potions
 b - a potion of mutation
 i - a potion of haste
 j - 3 potions of curing
 l - a potion of brilliance {unknown}

Dungeon Overview and Level Annotations

Branches:
Dungeon (5/15)
 Temple: D:4-7

Altars:
Cheibriados
Ru


Message History

Press: ? - help, Shift-Dir - straight line, f - electric eel The splash of poison misses the electric eel.
The electric eel shoots out a bolt of lightning at you!
The bolt of electricity hits you.
You shoot an arrow.
The arrow closely misses the electric eel.
The electric eel shoots out a bolt of lightning at you!
The bolt of electricity misses you.
The electric eel shoots out a bolt of lightning at you!
The bolt of electricity hits you!
You shoot an arrow. The arrow misses the electric eel.
An electric eel comes into view.
2816 ||| Stepping ~*~*~tactically~*~*~ (outnumbered).
The electric eel shoots out a bolt of lightning at you!
The bolt of electricity hits you.
The electric eel shoots out a bolt of lightning at you!
The bolt of electricity misses you.
The electric eel shoots out a bolt of lightning at you!
The bolt of electricity hits you!
You hear a shout!
You shoot an arrow.
The arrow closely misses the electric eel.
You have got your breath back.
The electric eel shoots out a bolt of lightning at you!
The bolt of electricity hits you!
You hear a shout!
2818 ||| READING 2 scrolls of teleportation.
As you read the scroll of teleportation, it crumbles to dust.
You feel strangely unstable.
2819 ||| INVOKING Spit Poison.
Aiming: Spit Poison (1% risk of failure)
Press: ? - help, Shift-Dir - straight line, f/p - electric eel The splash of poison misses the electric eel.
The electric eel shoots out a bolt of lightning at you!
The bolt of electricity hits you!
You shoot an arrow.
The arrow barely misses the electric eel.
The electric eel shoots out a bolt of lightning at you!
The bolt of electricity hits you!
You die... ...####.............. ### ##.............. 777

#...............
77~~7
#/........#..##.
P~~PP7
##.....#####.#
~~~~S~777
#.##### .#
.~...~~~7##.#
............#
~.~.....@..##
~~~.S.7...##
~~~~~~7####
~P~~~ S~~~~ PP~~
~~PP


You could see 2 electric eels.

Vanquished Creatures
  3 scorpions (D:4)
  A jelly (D:5)
  An orc priest (D:4)
  3 adders
  A worm (D:3)
  2 dart slugs
  7 orcs
  9 ball pythons
  4 endoplasms
  4 giant cockroaches
  5 hobgoblins
  3 quokkas
  7 bats
  A frilled lizard (D:2)
  11 goblins
  2 kobolds (D:3)
  6 rats
70 creatures vanquished.

Notes
Turn   | Place    | Note
-------+----------+-------------------------------------------
     0 | D:1      | qw the Naga Hunter began the quest for the Orb.
     0 | D:1      | Reached XP level 1. HP: 19/19 MP: 1/1
     0 | D:1      | 0 ||| qw: Version: 0.2-a-122-gbc61b45
     0 | D:1      | 0 ||| qw: Game counter: 3456
     0 | D:1      | 0 ||| qw: Always use a shield: true
     0 | D:1      | 0 ||| qw: God list: Okawaru
     0 | D:1      | 0 ||| qw: Allow faded altars: false
     0 | D:1      | 0 ||| qw: Do Orc after D:15 true
     0 | D:1      | 0 ||| qw: Do second Lair branch before Depths: true
     0 | D:1      | 0 ||| qw: Lair rune preference: random
     0 | D:1      | 0 ||| qw: Plans: Normal
     0 | D:1      | 0 ||| PLANNING D:1-11
    17 | D:1      | 17 ||| INVOKING Spit Poison.
    42 | D:1      | 42 ||| INVOKING Spit Poison.
    92 | D:1      | 92 ||| INVOKING Spit Poison.
   113 | D:1      | 113 ||| INVOKING Spit Poison.
   134 | D:1      | 134 ||| INVOKING Spit Poison.
   135 | D:1      | Reached skill level 4 in Ranged Weapons
   135 | D:1      | Reached XP level 2. HP: 26/26 MP: 2/2
   251 | D:1      | 251 ||| INVOKING Spit Poison.
   256 | D:1      | 256 ||| INVOKING Spit Poison.
   282 | D:1      | 282 ||| INVOKING Spit Poison.
   375 | D:1      | 375 ||| INVOKING Spit Poison.
   379 | D:1      | 379 ||| INVOKING Spit Poison.
   448 | D:1      | 448 ||| INVOKING Spit Poison.
   558 | D:1      | 558 ||| INVOKING Spit Poison.
   564 | D:1      | 564 ||| INVOKING Spit Poison.
   650 | D:1      | 650 ||| UPGRADING to +0 helmet.
   655 | D:1      | 655 ||| READING scroll labelled ZAELEB HYPTO.
   660 | D:1      | 660 ||| READING scroll labelled FOANACS ATASYE.
   661 | D:1      | 661 ||| READING scroll labelled IHAJAY REIC.
   662 | D:1      | 662 ||| READING 2 scrolls labelled BOWKINOYPY.
   663 | D:1      | 663 ||| READING scroll labelled YTERUO ZOICON.
   711 | D:1      | 711 ||| READING scroll labelled REELIU HUEJ.
   712 | D:1      | 712 ||| DRINKING 3 amethyst potions.
   713 | D:1      | 713 ||| DROPPING scroll of butterflies.
   759 | D:2      | 759 ||| INVOKING Spit Poison.
   762 | D:2      | Reached XP level 3. HP: 32/32 MP: 3/3
   776 | D:2      | 776 ||| INVOKING Spit Poison.
   790 | D:2      | 790 ||| INVOKING Spit Poison.
   848 | D:2      | 848 ||| INVOKING Spit Poison.
   853 | D:2      | 853 ||| INVOKING Spit Poison.
   872 | D:2      | 872 ||| INVOKING Spit Poison.
   991 | D:2      | 991 ||| INVOKING Spit Poison.
  1067 | D:2      | Found a sacrificial altar of Ru.
  1348 | D:2      | 1348 ||| INVOKING Spit Poison.
  1374 | D:2      | 1374 ||| INVOKING Spit Poison.
  1379 | D:2      | 1379 ||| INVOKING Spit Poison.
  1516 | D:2      | 1516 ||| DROPPING ring of flight.
  1517 | D:2      | 1517 ||| READING scroll labelled CEUXKI PEBAA.
  1518 | D:2      | 1518 ||| READING scroll labelled CYUNTI GURE.
  1519 | D:2      | 1519 ||| READING scroll labelled KUINIO IMUOLUH.
  1596 | D:3      | 1596 ||| INVOKING Spit Poison.
  1600 | D:3      | 1600 ||| INVOKING Spit Poison.
  1612 | D:3      | 1612 ||| INVOKING Spit Poison.
  1616 | D:3      | 1616 ||| INVOKING Spit Poison.
  1619 | D:3      | 1619 ||| INVOKING Spit Poison.
  1628 | D:3      | 1628 ||| INVOKING Spit Poison.
  1647 | D:3      | 1647 ||| INVOKING Spit Poison.
  1667 | D:3      | 1667 ||| READING scroll of enchant weapon.
  1667 | D:3      | 1667 ||| ENCHANTING +1 shortbow.
  1710 | D:3      | Reached skill level 5 in Ranged Weapons
  1710 | D:3      | Reached XP level 4. HP: 39/39 MP: 4/4
  1747 | D:3      | 1747 ||| INVOKING Spit Poison.
  1794 | D:3      | 1794 ||| INVOKING Spit Poison.
  1799 | D:3      | 1799 ||| INVOKING Spit Poison.
  1890 | D:3      | 1890 ||| INVOKING Spit Poison.
  1929 | D:3      | 1929 ||| INVOKING Spit Poison.
  2118 | D:3      | 2118 ||| UPGRADING to +1 robe of fire resistance.
  2128 | D:3      | 2128 ||| DROPPING +0 leather armour.
  2129 | D:3      | 2129 ||| READING scroll labelled DIRUFU DEUGAL.
  2129 | D:3      | Identified a scroll of acquirement
  2129 | D:3      | 2129 ||| ACQUIRING +2 cloak of poison resistance
  2129 | D:3      | Acquired a +2 cloak of poison resistance
  2131 | D:3      | 2131 ||| UPGRADING to +2 cloak of poison resistance.
  2136 | D:3      | 2136 ||| READING 2 scrolls of identify.
  2136 | D:3      | 2136 ||| IDENTIFYING fizzy inky potion
  2177 | D:4      | 2177 ||| INVOKING Spit Poison.
  2195 | D:4      | 2195 ||| INVOKING Spit Poison.
  2208 | D:4      | Noticed a scorpion
  2211 | D:4      | 2211 ||| INVOKING Spit Poison.
  2214 | D:4      | Killed a scorpion
  2215 | D:4      | Reached skill level 3 in Fighting
  2215 | D:4      | Reached XP level 5. HP: 50/50 MP: 5/5
  2223 | D:4      | 2223 ||| INVOKING Spit Poison.
  2310 | D:4      | 2310 ||| INVOKING Spit Poison.
  2314 | D:4      | 2314 ||| INVOKING Spit Poison.
  2362 | D:4      | Found a snail-covered altar of Cheibriados.
  2370 | D:4      | 2370 ||| INVOKING Spit Poison.
  2373 | D:4      | Reached XP level 6. HP: 57/57 MP: 6/6
  2405 | D:4      | 2405 ||| INVOKING Spit Poison.
  2418 | D:4      | 2418 ||| INVOKING Spit Poison.
  2423 | D:4      | Reached skill level 6 in Ranged Weapons
  2424 | D:4      | 2424 ||| INVOKING Spit Poison.
  2428 | D:4      | 2428 ||| INVOKING Spit Poison.
  2577 | D:4      | 2577 ||| INVOKING Spit Poison.
  2661 | D:4      | 2661 ||| UPGRADING to amulet of reflection.
  2666 | D:4      | 2666 ||| READING scroll labelled LOXTIGOUSUL.
  2667 | D:4      | 2667 ||| READING scroll labelled OCEGOR AHAMNI.
  2668 | D:4      | 2668 ||| DRINKING 2 red potions.
  2669 | D:4      | 2669 ||| READING 2 scrolls of identify.
  2669 | D:4      | 2669 ||| IDENTIFYING golden potion
  2670 | D:4      | 2670 ||| DROPPING potion of berserk rage.
  2701 | D:5      | Entered Level 5 of the Dungeon
  2787 | D:5      | You fall into a shaft and drop 2 floors!
  2813 | D:7      | 2813 ||| INVOKING Spit Poison.
  2816 | D:7      | 2816 ||| Stepping ~*~*~tactically~*~*~ (outnumbered).
  2817 | D:7      | HP: 14/57 [electric eel/bolt of electricity (11)]
  2818 | D:7      | 2818 ||| READING 2 scrolls of teleportation.
  2819 | D:7      | 2819 ||| INVOKING Spit Poison.
  2820 | D:7      | Killed from afar by an electric eel

Levels and vault maps discovered:
D:1:      minmay_arrival_shoal_huts, layout_basic
D:2:      layout_loops_ring, basic_altar, chequers_serial_rivers_room_a,
          hangedman_abyss_or_decor_lesser_grid, corner_web_ring,
          lightli_corner_chamber
D:3:      layout_rooms
D:4:      layout_cave_pools, kennysheep_little_box
D:5:      layout_layer_cave, minitemple
D:7:      layout_cave_pods, serial_bayou_ford_a, nicolae_shop_fire_sale
          [nicolae_sub_dead_trees], minivault_27, uniq_joseph

Skill      XL: |  1  2  3  4  5  6 |
---------------+-------------------+-----
Ranged Weapons | 4 5 6 |  6.0
Fighting       | 3 4 |  4.0
Dodging        | 2 |  2.0
Stealth        | |  1.5

Action                     |  1- 3 |  4- 6 || total
---------------------------+-------+-------++-------
   Fire: Shortbow          |    63 |    73 ||   136
Ability: Spit Poison       |    30 |    19 ||    49
    Use: Scroll            |    10 |     6 ||    16
         Potion            |     1 |     1 ||     2
 Armour: Leather armour    |    12 |     2 ||    14
         Robe              |       |     6 ||     6
  Dodge: Dodged            |    13 |    14 ||    27
  Block: Other             |       |     1 ||     1

Table legend:
 A = Non-vault XP
 B = Vault XP
 C = Vault XP percentage of total XP
 D = Non-vault monster count
 E = Vault monster count
 F = Vault count percentage of total count
                 A         B        C        D         E       F
            +---------+---------+-------+---------+---------+-------
      Total |     492 |       0 |   0.0 |      70 |       0 |   0.0
            +---------+---------+-------+---------+---------+-------
        D:1 |      29 |       0 |   0.0 |      17 |       0 |   0.0
        D:2 |      38 |       0 |   0.0 |      16 |       0 |   0.0
        D:3 |      57 |       0 |   0.0 |      17 |       0 |   0.0
        D:4 |     325 |       0 |   0.0 |      19 |       0 |   0.0
        D:5 |      43 |       0 |   0.0 |       1 |       0 |   0.0
            +---------+---------+-------+---------+---------+-------
